 Dungeon Crawl Stone Soup version 0.29.1-2-gbd0b4ee654 (webtiles) character file.

Game seed: 17666376171464218165

53 GorkyZ the Trooper (level 3, -7/29 HPs)
             Began as a Demonspawn Fighter on Nov 19, 2022.
             Killed by divine providence
             ... invoked by an orc priest
              (13 damage)
             ... on level 3 of the Dungeon.
             The game lasted 00:03:32 (2384 turns).

GorkyZ the Trooper (Demonspawn Fighter)             Turns: 2384, Time: 00:03:33

Health: -7/29      AC: 13    Str: 18    XL:     3   Next: 62%
Magic:  3/3        EV:  5    Int:  9    God:
Gold:   138        SH:  4    Dex: 12    Spells: 2/2 levels left

rFire   . . .      SeeInvis .   a - +0 war axe
rCold   . . .      Faith    .   c - +0 buckler
rNeg    . . .      Spirit   .   f - +0 plate armour
rPois   .          Reflect  .   (no helmet)
rElec   .          Harm     .   (no cloak)
rCorr   .          Rampage  .   p - +1 pair of gloves
Will    .....                   (no boots)
Stlth   ..........              (no amulet)
HPRegen 0.09/turn               (no ring)
MPRegen 0.08/turn               (no ring)

@: no status effects
A: claws 1
a: no special abilities


You were on level 3 of the Dungeon.
You visited 1 branch of the dungeon, and saw 3 of its levels.

You collected 138 gold pieces.

Inventory:

Hand Weapons
 a - a +0 war axe (weapon)
Missiles
 j - 2 poisoned darts (quivered)
Armour
 b - a +0 scale mail
 c - a +0 buckler (worn)
 f - a +0 plate armour (worn)
 p - a +1 pair of gloves (worn)
Scrolls
 e - 2 scrolls of teleportation {unknown}
 g - 5 scrolls of identify {unknown}
 h - a scroll of enchant weapon {unknown}
 i - 2 scrolls of enchant armour {unknown}
 k - 2 scrolls of noise {unknown}
 l - 2 scrolls of amnesia {unknown}
 m - a scroll of fear {unknown}
Potions
 d - a potion of might
 n - a potion of brilliance {unknown}
 o - a potion of mutation {unknown}
 q - a potion of degeneration {unknown}


   Skills:
 + Level 3.2 Fighting
 + Level 2.2 Axes
 + Level 0.9 Throwing
 + Level 3.0 Armour
 + Level 3.0 Shields
 + Level 1.1 Evocations


You had 2 spell levels left.
You didn't know any spells.
Your spell library contained the following spells:

 Spells                   Type           Power      Damage    Failure   Level
 Beastly Appendage        Tmut           0%         N/A       100%        1
 Foxfire                  Conj/Fire      0%         2x1d4     100%        1
 Ensorcelled Hibernation  Hex/Ice        0%         N/A       100%        2
 Passwall                 Tmut/Erth      0%         N/A       100%        2
 Wereblood                Tmut           0%         N/A       100%        2
 Call Canine Familiar     Summ           0%         N/A       100%        3
 Conjure Flame            Conj/Fire      0%         6-21      100%        3
 Inner Flame              Hex/Fire       0%         N/A       100%        3
 Portal Projectile        Hex/Tloc       0%         N/A       100%        3
 Spider Form              Tmut/Pois      0%         N/A       100%        3
 Swiftness                Air            0%         N/A       100%        3
 Flame Wave               Conj/Fire      0%         2d4       100%        4
 Leda's Liquefaction      Hex/Erth       0%         N/A       100%        4


Dungeon Overview and Level Annotations

Branches:
Dungeon (3/15)

Altars:


Innate Abilities, Weirdness & Mutations

You have sharp fingernails.


Message History

You are too injured to fight recklessly!
You are too injured to fight recklessly!
You are too injured to fight recklessly!
You are too injured to fight recklessly!
You are too injured to fight recklessly!
You hit the orc priest but do no damage.
The orc priest is lightly wounded.
You barely miss the orc.
The orc priest hits you but does no damage.
The orc hits you but does no damage.
You hit the orc priest.
The orc priest is moderately wounded.
You hit the orc.
The orc priest hits you but does no damage.
You block the orc's attack. The orc priest hits you with a +0 whip.
The orc hits you with a +0 war axe.
You barely miss the orc priest.
The orc priest is moderately wounded.
You hit the orc.
You kill the orc!
The orc priest casts a cantrip, but nothing happens.
You hit the orc priest but do no damage.
The orc priest is moderately wounded.
The orc priest hits you with a +0 whip.
* * * LOW HITPOINT WARNING * * *
An orc comes into view. It is wielding a +0 mace.
The orc priest hits you with a +0 whip.
* * * LOW HITPOINT WARNING * * *
The orc shouts!
You hit the orc priest.
The orc priest is heavily wounded.
You block the orc priest's attack.
You hit the orc priest.
The orc priest is severely wounded.
The orc priest hits you but does no damage.
You hit the orc priest.
The orc priest is almost dead.
The orc priest calls down the wrath of Beogh upon you.
Beogh smites you!
You die...

.................
########..###.##
# # ##...#.# .# #
###...# #.# #
##..#####..# #
##.!......#### #
###.............
####.
.............##
.....
###..#o.)@##...#
### #.#####o# #<.
# #. #.. .... ..
##.# ##.. .. .#
.# .. #. ##


You could see an orc priest and an orc.

Vanquished Creatures
  2 adders
  A worm (D:2)
  A dart slug (D:2)
  2 orcs (D:3)
  2 bats
  2 endoplasms (D:2)
  2 goblins (D:2)
  3 hobgoblins (D:1)
  7 jackals
  A ball python (D:2)
  A kobold (D:2)
  2 rats
26 creatures vanquished.

Notes
Turn   | Place    | Note
-------+----------+-------------------------------------------
     0 | D:1      | GorkyZ the Demonspawn Fighter began the quest for the Orb.
     0 | D:1      | Reached XP level 1. HP: 18/18 MP: 1/1
   970 | D:2      | Gained mutation: You have sharp fingernails. [demonic
                  | ancestry]
   970 | D:2      | Reached XP level 2. HP: 24/24 MP: 2/2
  1363 | D:2      | Reached XP level 3. HP: 29/29 MP: 3/3
  1467 | D:2      | Found a faded altar of an unknown god.
  1467 | D:2      | Noticed an ice devil
  1976 | D:2      | Reached skill level 1 in Evocations
  2384 | D:3      | Killed from afar by an orc priest

Illustrated notes

Levels and vault maps discovered:
D:1:      dpeg_arrival_houses_and_road, layout_basic, serial_co_window_serial,
          co_window_paths_b, co_window_of_opportunity_a, co_window_paths_a,
          co_window_corner_a, co_window_paths_b, co_window_of_opportunity_c,
          co_window_2corner, co_window_of_opportunity_c, co_window_paths_e,
          glass_columns_a, glass_columns_b, glass_columns_b, glass_columns_c,
          glass_columns_c
D:2:      layout_basic, dreamdust_ecumenical_altar_sealed_demon,
          grunt_ministairs_12, minmay_misc_feat_tiny,
          dreamdust_mushroom_princess
D:3:      layout_rooms, gammafunk_ghost_nasty_kobolds

Skill      XL: |  1  2  3 |
---------------+----------+-----
Axes           | 2 |  2.2
Evocations     | 1 |  1.1
Armour         | 3 |  3.0
Shields        | 3 |  3.0
Fighting       | |  3.2
Throwing       | |  0.9

Action                   || total
-------------------------++-------
Melee: War axe           ||    81
Armor: Plate armour      ||    67
       Scale mail        ||     2
Dodge: Dodged            ||    19
Block: Buckler           ||    24
